 Dungeon Crawl Stone Soup version 0.32-a0-799-g95e1662365 (webtiles) character file.

Game seed: 4240148835526797725

15 javelincjr the Conjurer (level 2, -9/20 HPs)
             Began as a Demigod Conjurer on Mar 21, 2024.
             Killed by divine providence
             ... invoked by an orc priest
              (17 damage)
             ... on level 2 of the Dungeon.
             The game lasted 00:02:23 (846 turns).

javelincjr the Conjurer (Demigod Conjurer)           Turns: 846, Time: 00:02:23

Health: -9/20      AC:  2    Str:  8    XL:     2   Next: 21%
Magic:  0/7        EV: 11    Int: 20    God:
Gold:   36         SH:  0    Dex: 12    Spells: 2/5 levels left

rFire   . . .        e - +0 trident
rCold   . . .        (no shield)
rNeg    . . .        a - +0 robe
rPois   .            (no helmet)
rElec   .            (no cloak)
rCorr   .            (no gloves)
SInv    .            (no boots)
Will    .....        (no amulet)
Stlth   ++           (no ring)
HPRegen 0.23/turn    (no ring)
MPRegen 0.10/turn

%: no passive effects
@: no status effects
A: high MP 1, forlorn, divine attributes
a: no special abilities


You were on level 2 of the Dungeon.
You visited 1 branch of the dungeon, and saw 2 of its levels.

You collected 36 gold pieces.

Inventory:

Hand Weapons
 c - a +0 dagger
 e - a +0 trident (weapon)
Armour
 a - a +0 robe (worn)
Talismans
 d - a granite talisman
Scrolls
 f - a scroll of teleportation {unknown}
Potions
 b - a potion of magic
 g - a potion of heal wounds {unknown}


   Skills:
 + Level 1.9 Dodging
 + Level 1.9 Stealth
 * Level 2.0 Spellcasting
 * Level 3.8 Conjurations


You had 2 spell levels left.
You knew the following spells:

 Your Spells              Type           Power      Damage    Failure   Level
a - Magic Dart            Conj           68%        1d6       3%          1
b - Searing Ray           Conj           34%        2d5       4%          2

Your spell library contained the following spells:

 Spells                   Type           Power      Damage    Failure   Level
 Fulminant Prism          Conj/Alch      4%         3d5       56%         4
 Iskenderun's Mystic Bla  Conj/Tloc      9%         2d4       56%         4
 Iskenderun's Battlesphe  Conj           17%        2d7       65%         5
 Bombard                  Conj/Erth      4%         9d2       100%        6
 Spellforged Servitor     Conj/Summ      4%         N/A       100%        7


Dungeon Overview and Level Annotations

Branches:
Dungeon (2/15)

Shops:
D:1 :


Innate Abilities, Weirdness & Mutations

You have an increased reservoir of magic. (+10% MP)
You shall have no god before yourself.
Your divine heritage dramatically boosts your attributes as you level up.


Message History

The orc is severely wounded.
The orc completely misses you.
You hit the orc.
You kill the orc!
HP restored.
An orc priest comes into view. It is wielding a +0 mace.
Casting: Searing Ray (safe; 4% risk of failure)
Confirm with . or Enter, or press ? or * to list all spells.
Aiming: Searing Ray (safe; 4% risk of failure)
Press: ? - help, Shift-Dir - straight line, f - orc priest
Aim: an orc priest, wielding a +0 mace and wearing a +0 scale mail (wandering, hasn't noticed you, 81% to hit)
Okay, then.
Things that are here:
a +0 club; a +0 chain mail The orc priest shouts!
You hit the orc priest.
The orc priest is moderately wounded.
You hear a shout!
The orc priest hits you with a +0 mace.
You closely miss the orc priest.
The orc priest is moderately wounded.
The orc priest hits you with a +0 mace. x2
You closely miss the orc priest.
The orc priest is moderately wounded.
The orc priest hits you but does no damage.
Casting: Searing Ray (safe; 4% risk of failure)
Confirm with . or Enter, or press ? or * to list all spells.
Aiming: Searing Ray (safe; 4% risk of failure)
Press: ? - help, Shift-Dir - straight line, f - orc priest
Aim: an orc priest, wielding a +0 mace and wearing a +0 scale mail (moderately wounded, 81% to hit)
The searing ray misses the orc priest. (Press . to maintain the ray.)
An orc comes into view. It is wielding a +0 flail.
The orc priest hits you with a +0 mace.
You hit the orc priest but do no damage.
The orc priest is moderately wounded.
The orc priest calls down the wrath of Beogh upon you.
Beogh smites you!
Ouch! That really hurt!
You die...

########
#...@o.#
#.####>#
#.#....o.....#
#.#.##.####).#
#.# #.. #.#
### #.# #.#
#..


You could see an orc priest and an orc.

Vanquished Creatures
  2 orcs (D:2)
  2 bats (D:1)
  A goblin (D:1)
  2 hobgoblins (D:1)
  2 ball pythons (D:1)
  3 kobolds (D:1)
  2 rats (D:1)
14 creatures vanquished.

Notes
Turn   | Place    | Note
-------+----------+-------------------------------------------
     0 | D:1      | javelincjr the Demigod Conjurer began the quest for the
                  | Orb.
     0 | D:1      | Reached XP level 1. HP: 14/14 MP: 5/5
   317 | D:1      | Found Odex's Book Shop.
   661 | D:1      | Reached XP level 2. HP: 20/20 MP: 4/7
   664 | D:1      | Learned a level 2 spell: Searing Ray
   803 | D:1      | You fall into a shaft and drop 1 floor!
   846 | D:2      | Killed from afar by an orc priest

Illustrated notes

Levels and vault maps discovered:
D:1:      tarquinn_simple_flora_water_d, layout_loops_ring, serial_shops, shop,
          hellmonk_ecumenical_altar_leap_of_faith
D:2:      layout_loops_ring, uniq_sigmund

Skill      XL: |  1 |
---------------+----+-----
Spellcasting   | 2 |  2.0
Dodging        | |  1.9
Stealth        | |  1.9
Conjurations   | |  3.8

Action                     || total
---------------------------++-------
  Melee: Trident           ||     6
   Cast: Magic Dart        ||    29
         Searing Ray       ||     2
 Armour: Robe              ||     7
  Dodge: Dodged            ||     2

Table legend: (Time is in decaauts)
 A = Elapsed time spent in this place.
 B = Non-inter-level travel time spent in this place.
 C = Inter-level travel time spent in this place.
 D = Time resting spent in this place.
 E = Time spent auto-exploring this place.
 F = Levels seen in this place.
 G = Mean time per level.
                   A        B        C        D        E       F      G
               +--------+--------+--------+--------+--------+-----+--------+
         Total |    846 |    846 |      0 |      0 |    748 |   2 |  423.0 |
       Dungeon |    846 |    846 |      0 |      0 |    748 |   2 |  423.0 |
               +--------+--------+--------+--------+--------+-----+--------+

Top non-repeatable levels by time:
     D:1: 802 daAuts
     D:2: 44 daAuts
